 Dungeon Crawl Stone Soup version 0.23.0-3-gf3c87f2df8 (webtiles) character file.

Game seed: 7901794271205040246

50 Reinor the Vexing (level 3, -3/16 HPs)
             Began as a Spriggan Enchanter on Feb 24, 2019.
             Was an Initiate of Wu Jian.
             Killed by divine providence
             ... invoked by an orc priest
              (15 damage)
             ... on level 2 of the Dungeon.
             The game lasted 00:07:48 (2848 turns).

Reinor the Vexing (Spriggan Enchanter)              Turns: 2848, Time: 00:07:49

Health: -3/16      AC:  2    Str:  4    XL:     3   Next: 55%
Magic:  9/9        EV: 18    Int: 16    God:    Wu Jian [......]
Gold:   220        SH:  0    Dex: 17    Spells: 7/10 levels left

rFire    . . .     SeeInvis +   a - +1 dagger
rCold    . . .     Gourm    .   (shield restricted)
rNeg     . . .     Faith    .   b - +0 robe
rPois    .         Spirit   .   (helmet restricted)
rElec    .         Reflect  .   (no cloak)
rCorr    .         Harm     .   (gloves unavailable)
MR       +....                  (boots unavailable)
Stlth    ++++......             (no amulet)
HPRegen  0.05/turn              i - ring of protection from magic
MPRegen  0.11/turn              j - ring of stealth

@: very quick
A: very small, unfitting armour, see invisible, herbivore, speed 3, slow
metabolism 2
a: Renounce Religion


You were on level 2 of the Dungeon.
You worshipped Wu Jian.
Wu Jian was noncommittal.
You were not hungry.

You visited 1 branch of the dungeon, and saw 2 of its levels.

You collected 220 gold pieces.

Inventory:

Hand Weapons
 a - a +1 dagger (weapon)
Missiles
 f - 120 stones (quivered)
Armour
 b - a +0 robe (worn)
Jewellery
 i - a ring of protection from magic (left hand)
 j - a ring of stealth (right hand)
Scrolls
 g - a scroll of enchant weapon {unknown}
 h - 2 scrolls of fog {unknown}
 k - a scroll of immolation {unknown}
 l - a scroll of random uselessness {unknown}
 m - a scroll of identify {unknown}
 o - a scroll of remove curse {unknown}
Potions
 c - 2 potions of flight {unknown}
 e - a potion of haste {unknown}
 n - a potion of ambrosia {unknown}
Comestibles
 d - 2 rations


   Skills:
 - Level 1.1 Short Blades
 - Level 3.0 Dodging
 - Level 4.4 Stealth
 - Level 4.0 Spellcasting
 + Level 4.7 Hexes


You had 7 spell levels left.
You knew the following spells:

 Your Spells              Type           Power        Failure   Level  Hunger
a - Corona                Hex            ###....      2%          1    None
b - Ensorcelled Hibernat  Hex/Ice        ##....       10%         2    ##.....

Your spell library contained the following spells:

 Spells                   Type           Power        Failure   Level  Hunger
 Confuse                  Hex            ###.....     7%          3    ###....
 Tukima's Dance           Hex            ###.....     7%          3    ###....
 Dazzling Spray           Conj/Hex       ##....       19%         3    ###....


Dungeon Overview and Level Annotations

Branches:
Dungeon (2/15)

Altars:
Wu Jian


Innate Abilities, Weirdness & Mutations

You are very small and have problems with some larger weapons.
You are too small for most types of armour.
You have supernaturally acute eyesight. (SInv)
You are a herbivore.
You cover ground extremely quickly.
You need to consume almost no food.


Message History

You start resting.
HP restored.
You eat one of the 3 rations.
That ration really hit the spot!
o - a scroll labeled VAERICEPSO A kobold comes into view.
The helpless kobold fails to defend itself.
You puncture the kobold!
You kill the kobold!
The Council accepts your kill.
You see here a kobold corpse.
You see here a kobold corpse.
An orc, an orc priest and an orc wizard come into view.
An orc comes into view.
The orc priest shouts!
The orc wizard shouts!
The orc shouts! x2
You hit the orc priest but do no damage.
The orc priest hits you with a +0 club.
The orc priest mumbles some strange prayers to Beogh against you.
Beogh smites you!
Ouch! That really hurt!
You die...

#.#### #o#.. #.#.###
#.....# #o....#
######o....# #...##o....#
#.# ##...##.....# #.#
#.....@.....## #.#
#....###......####.####
#.#### ##.###.##.......
#.# ##..###.##)#..### #.#
#................ #.#
##.......#.......
###.#####.....#......#...
#...........#.....#.....#
#.#.#####..#....#....#...


You could see an orc priest, an orc wizard and 2 orcs.

Vanquished Creatures
  A worm (D:2)
  A dart slug (D:2)
  8 bats
  4 giant cockroaches
  5 goblins
  5 hobgoblins
  A quokka (D:2)
  A ball python (D:2)
  9 frilled lizards
  3 kobolds
  8 rats
  A bush (D:1)
47 creatures vanquished.

Notes
Turn   | Place    | Note
-------+----------+-------------------------------------------
     0 | D:1      | Reinor the Spriggan Enchanter began the quest for the Orb.
     0 | D:1      | Reached XP level 1. HP: 9/9 MP: 5/5
   410 | D:1      | Reached XP level 2. HP: 12/13 MP: 7/7
   414 | D:1      | Learned a level 2 spell: Ensorcelled Hibernation
  1852 | D:2      | Reached XP level 3. HP: 7/16 MP: 9/9
  2323 | D:2      | Found an ornate altar of the Wu Jian Council.
  2339 | D:2      | Became a worshipper of the Wu Jian Council
  2848 | D:2      | Killed from afar by an orc priest

Skill      XL: |  1  2  3 |
---------------+----------+-----
Spellcasting   | 3 4 |  4.0
Hexes          | 4 |  4.7
Short Blades   | |  1.1
Dodging        | |  3.0
Stealth        | |  4.4

Action                   || total
-------------------------++-------
Melee: Dagger            ||   758
Throw: Stone             ||     3
 Cast: Corona            ||    11
       Ensorcelled Hiber ||     2
Invok: Lunge             ||     1
 Stab: Sleeping          ||    14
  Eat: Ration            ||     1
Armor: Robe              ||    39
Dodge: Dodged            ||   208
